 Dungeon Crawl Stone Soup version 0.26.0-10-g1f06aea511 (webtiles) character file.

Game seed: 14091024492131560468

1269 Borgoz the Skirmisher (level 8, -11/70 HPs)
             Began as a Ghoul Gladiator on Jan 14, 2021.
             Mangled by an orc warrior
             ... wielding a +0 falchion
              (14 damage)
             ... on level 5 of the Dungeon.
             The game lasted 00:06:26 (4445 turns).

Borgoz the Skirmisher (Ghoul Gladiator)             Turns: 4445, Time: 00:06:27

Health: -11/70     AC:  8    Str: 18    XL:     8   Next: 53%
Magic:  7/7        EV: 13    Int:  3    God:
Gold:   314        SH:  0    Dex: 12    Spells: 7/7 levels left

rFire    . . .     SeeInvis .   a - +1 long sword
rCold    + . .     Faith    .   (no shield)
rNeg     + + +     Spirit   .   o - +0 troll leather armour
rPois    ∞         Reflect  .   c - +0 helmet
rElec    .         Harm     .   (no cloak)
rCorr    .         Rampage  .   p - +0 pair of gloves
Will     .....                  q - +0 pair of boots
Stlth    +.........             (no amulet)
HPRegen  0.00/turn              (no ring)
MPRegen  0.10/turn              (no ring)

@: mighty
A: claws 1, cold resistance 1, negative energy resistance 3, inhibited
regeneration, torment resistance, unbreathing
a: no special abilities


You were on level 5 of the Dungeon.
You visited 1 branch of the dungeon, and saw 5 of its levels.

You collected 314 gold pieces.

Inventory:

Hand Weapons
 a - a +1 long sword (weapon)
Missiles
 d - a throwing net (quivered)
Armour
 c - a +0 helmet (worn)
 o - a +0 troll leather armour (worn)
 p - a +0 pair of gloves (worn)
 q - a +0 pair of boots (worn)
Scrolls
 b - 2 scrolls of teleportation
 f - a scroll of fog {unknown}
 g - 2 scrolls of enchant weapon
 h - a scroll of fear
Potions
 e - a potion of curing {unknown}
 l - 3 potions of brilliance {unknown}
 n - 2 potions of might


   Skills:
 + Level 6.0 Fighting
 + Level 5.4 Long Blades
 - Level 1.7 Throwing
 * Level 5.6 Armour
 - Level 3.5 Dodging


You had 7 spell levels left.
You didn't know any spells.
Your spell library contained the following spells:

 Spells                   Type           Power        Failure   Level
 Sting                    Tmut/Pois      0%           56%         1


Dungeon Overview and Level Annotations

Branches:
Dungeon (5/15)
 Temple: D:4-7

Altars:
Dithmenos
Elyvilon
Sif Muna
Trog


Innate Abilities, Weirdness & Mutations

You thrive by killing the living.
You are immune to poison.
You have sharp fingernails.
Your flesh is cold resistant. (rC+)
You are immune to negative energy. (rN+++)
You do not regenerate when monsters are visible.
You are immune to unholy pain and torment.
You can survive without breathing.


Message History

The orc warrior hits you but does no damage.
The wight hits you with a +4 long sword!
* * * LOW HITPOINT WARNING * * *
Your Fighting skill increases to level 6!
You slash the orc warrior!
The orc warrior is heavily wounded.
The orc warrior hits you with a +0 falchion!
* * * LOW HITPOINT WARNING * * *
The orc hits you but does no damage. The wight closely misses you.
There is an open door here.
You slash the orc!
You kill the orc!
Okay, then.
Throw: 2 throwing nets
Press: ? - help, Q - select action Shift-Dir - straight line, f - orc warrior
Aim: an orc warrior, wielding a +0 falchion, wearing a +0 chain mail and wearing a +0 kite shield (heavily wounded)
You throw a throwing net.
The throwing net barely misses the orc warrior.
The orc warrior hits you with a +0 falchion!
You die...

..$.# ###......###..######...
#### #.....######..##.######
....# #.....#...........#...#
....# #(....#...........#...#
....# ##.....#.......)...#...#
.....##+##......#...........#...#
.....#..........#...........#...#
....#........Oo#...........'...#
######.........#@....##+######'##
..........######.................
.[........# ###...............
..........# #....#............
..........# #....#............
..........# .....###............
########### ..... #.##'########
##... #.#.......... ....
#.#..........


You could see an orc warrior and an ogre.

Vanquished Creatures
  3 phantoms (D:4)
  3 ogres (D:4)
  A sky beast (D:5)
  A gnoll sergeant (D:5)
  2 scorpions (D:5)
  2 orc priests (D:5)
  A hound (D:5)
  2 iguanas
  3 worker ants (D:4)
  3 orc wizards (D:5)
  5 adders
  A gnoll (D:2)
  2 white imps
  An ooze (D:2)
  4 worms
  3 dart slugs
  4 leopard geckos
  16 orcs
  4 bats
  5 giant cockroaches
  7 hobgoblins
  8 jackals
  5 kobolds
  3 quokkas
  A ball python (D:3)
  7 frilled lizards
  8 goblins
  A leopard gecko skeleton (D:2)
  A quokka skeleton (D:4)
  8 rats
115 creatures vanquished.

Notes
Turn   | Place    | Note
-------+----------+-------------------------------------------
     0 | D:1      | Borgoz the Ghoul Gladiator began the quest for the Orb.
     0 | D:1      | Reached XP level 1. HP: 17/17 MP: 0/0
   223 | D:1      | Reached XP level 2. HP: 25/25 MP: 1/1
   717 | D:1      | Reached XP level 3. HP: 30/30 MP: 2/2
  1407 | D:2      | Reached skill level 3 in Fighting
  1494 | D:2      | Reached XP level 4. HP: 34/38 MP: 3/3
  1560 | D:2      | Found a bloodstained altar of Trog.
  1787 | D:2      | Found a shimmering blue altar of Sif Muna.
  1793 | D:2      | Identified Sif Muna's Grimoire of Transmutation
  2027 | D:3      | Found a white marble altar of Elyvilon.
  2134 | D:3      | Reached XP level 5. HP: 42/45 MP: 4/4
  2227 | D:3      | Found a shadowy altar of Dithmenos.
  2460 | D:3      | Reached skill level 1 in Armour
  2528 | D:4      | Noticed an ogre
  2529 | D:4      | Noticed an ogre
  2549 | D:4      | Killed an ogre
  2550 | D:4      | Reached skill level 4 in Fighting
  2550 | D:4      | Reached XP level 6. HP: 52/52 MP: 5/5
  2623 | D:4      | Noticed a phantom
  2919 | D:4      | Reached XP level 7. HP: 29/60 MP: 6/6
  3413 | D:4      | Reached skill level 5 in Fighting
  3690 | D:5      | Entered Level 5 of the Dungeon
  3709 | D:5      | Reached XP level 8. HP: 59/68 MP: 7/7
  3733 | D:5      | Reached skill level 5 in Long Blades
  3978 | D:5      | Reached skill level 5 in Armour
  4406 | D:5      | Found the +8 autumn katana {vorpal, Clar}
  4414 | D:5      | Reached skill level 6 in Fighting
  4414 | D:5      | HP: 3/70 [orc warrior/+0 falchion (14)]
  4445 | D:5      | Mangled by an orc warrior

Illustrated notes

Levels and vault maps discovered:
D:1:      ncdulo_halloftheorcs, layout_basic, corexii_leaking_fountain
D:2:      layout_basic, nzn_overflow_gifts_of_might_and_magic
D:3:      layout_basic, grunt_dithmenos_smoke_and_mirrors, lemuel_doored_altar,
          minmay_cupped
D:4:      layout_basic, serial_glass, glass_columns_c, glass_columns_b
D:5:      layout_gridville, makhleb_grotto_becter, hangedman_decor_push,
          sword_in_stone, uniq_menkaure, uniq_eustachio, uniq_edmund

Skill      XL: |  1  2  3  4  5  6  7  8 |
---------------+-------------------------+-----
Long Blades    | 3 4 5 |  5.4
Dodging        | 3 |  3.5
Fighting       | 3 4 5 6 |  6.0
Armour         | 2 3 4 5 |  5.6
Throwing       | |  1.7

Action                   |  1- 3 |  4- 6 |  7- 9 || total
-------------------------+-------+-------+-------++-------
Melee: Long sword        |    90 |   194 |   188 ||   472
Throw: Throwing net      |       |     1 |     1 ||     2
  Use: Scroll            |       |       |     6 ||     6
       Potion            |       |       |     3 ||     3
 Stab: Held in net/web   |       |     1 |       ||     1
Armor: Leather armour    |    17 |       |       ||    17
       Ring mail         |     7 |    43 |       ||    50
       Troll leather arm |       |    36 |    80 ||   116
Dodge: Dodged            |    61 |   183 |   121 ||   365
       Rpst.: Long sword |    27 |    57 |    42 ||   126
